 Dungeon Crawl Stone Soup version 0.31-a0-237-g2d982f9f85 (webtiles) character file.

Game seed: 17064342851531898312

124 qw the Shooter (level 4, -5/36 HPs)
             Began as a Minotaur Hexslinger on July 11, 2023.
             Slain by an orc
             ... wielding a +1 heavy hand axe
              (10 damage)
             ... on level 3 of the Dungeon.
             The game lasted 00:00:38 (1505 turns).

qw the Shooter (Minotaur Hexslinger)                Turns: 1505, Time: 00:00:39

Health: -5/36      AC:  5    Str: 13    XL:     4   Next: 81%
Magic:  4/4        EV: 11    Int: 10    God:
Gold:   91         SH:  0    Dex: 20    Spells: 4/5 levels left

rFire   . . .        Y - +0 sling (drain)
rCold   . . .        (no shield)
rNeg    . . .        i - +0 ring mail
rPois   .            (helmet restricted)
rElec   .            (no cloak)
rCorr   .            (no gloves)
SInv    .            (no boots)
Will    .....        (no amulet)
Stlth   +            o - +6 ring of dexterity
HPRegen 0.26/turn    (no ring)
MPRegen 0.09/turn

%: no passive effects
@: no status effects
A: horns 2, retaliatory headbutt
a: no special abilities


You were on level 3 of the Dungeon.
You visited 1 branch of the dungeon, and saw 3 of its levels.

You collected 91 gold pieces.


Innate Abilities, Weirdness & Mutations

You have a pair of horns on your head.
You reflexively headbutt those who attack you in melee.


   Skills:
 + Level 2.1 Fighting
 - Level 5.1 Ranged Weapons
 - Level 1.0 Armour
 - Level 2.1 Dodging
 - Level 1.0 Spellcasting
 - Level 2.0 Hexes


You had 4 spell levels left.
You knew the following spells:

 Your Spells              Type           Power      Damage    Failure   Level
a - Slow                  Hex            16%        N/A       32%         1

Your spell library contained the following spells:

 Spells                   Type           Power      Damage    Failure   Level
 Inner Flame              Hex/Fire       2%         N/A       82%         3
 Portal Projectile        Hex/Tloc       4%         N/A       82%         3
 Cause Fear               Hex            2%         N/A       97%         4

Inventory:

Hand Weapons
 a - a +1 sling
 Y - a +0 sling of draining (weapon)
Armour
 i - a +0 ring mail (worn)
Jewellery
 o - a +6 ring of dexterity (left hand)
Scrolls
 j - 2 scrolls of teleportation
 n - a scroll of identify
Potions
 c - a potion of might {unknown}
 d - a potion of resistance
 g - 2 potions of heal wounds
 k - 3 potions of curing
 l - 2 potions of enlightenment

Dungeon Overview and Level Annotations

Branches:
Dungeon (3/15)

Altars:


Message History

Found a stone staircase leading down.
You start to feel less resistant.
You float gracefully downwards.
Your enlightenment fades.
Your resistance to elements expires.
An orc priest comes into view. It is wielding a +0 club.
Found 7 gold pieces.
The orc priest shouts!
You hear a shout! x3
You shoot a sling bullet.
The sling bullet barely misses the orc priest.
You shoot a sling bullet.
The sling bullet closely misses the orc priest.
The orc priest invokes the aid of Beogh against you.
Beogh smites you!
You shoot a sling bullet.
The sling bullet completely misses the orc priest.
You shoot a sling bullet.
The sling bullet closely misses the orc priest.
An orc comes into view. It is wielding a +0 short sword.
An orc comes into view. It is wielding a +1 heavy hand axe.
The orc priest mumbles some strange prayers to Beogh against you.
Pain shoots through your body!
You shoot a sling bullet. The sling bullet hits the orc priest!
You drain the orc priest.
The orc priest is severely wounded.
The orc priest barely misses you.
An orc comes into view. It is wielding a +0 club. x2
You shoot a sling bullet.
The sling bullet barely misses the orc priest.
The orc priest closely misses you.
You shoot a sling bullet. The sling bullet hits the orc priest.
The orc priest is almost dead.
You shoot a sling bullet.
The sling bullet closely misses the orc priest.
The sling bullet hits the orc.
You drain the orc.
You kill the orc!
The orc priest mumbles some strange prayers to Beogh against you.
Pain shoots through your body!
The orc hits you with a +1 heavy hand axe!
You die...

#...(.#.##<#.#
#####.#.#.##.#
#.>...#.#. ..#
##.#..#.#. ###
#.#..#.#.
####.#..#.#.
#.##.#..#.#.
#....#..#.#.
####@####
#....$.oo.o....
#.#####)####.##
#o# #.# #.# ...
#.#


You could see an orc priest (very drained) and 3 orcs.

Vanquished Creatures
  Terence (D:2)
  3 gnolls (D:2)
  An adder (D:2)
  6 dart slugs
  An orc (D:3)
  3 ball pythons
  4 endoplasms
  A giant cockroach (D:1)
  4 hobgoblins
  3 kobolds (D:1)
  4 quokkas
  8 bats
  2 frilled lizards
  6 goblins
  6 rats
53 creatures vanquished.

Notes
Turn   | Place    | Note
-------+----------+-------------------------------------------
     0 | D:1      | qw the Minotaur Hexslinger began the quest for the Orb.
     0 | D:1      | Reached XP level 1. HP: 16/16 MP: 1/1
     0 | D:1      | 0 ||| qw: Version: 0.3-a-52-g30416fa
     0 | D:1      | 0 ||| qw: Game counter: 5805
     0 | D:1      | 0 ||| qw: Melee chars always use a shield: true
     0 | D:1      | 0 ||| qw: God list: Okawaru
     0 | D:1      | 0 ||| qw: Allow faded altars: false
     0 | D:1      | 0 ||| qw: Do Orc after clearing Dungeon:15 true
     0 | D:1      | 0 ||| qw: Do second Lair branch before Depths: true
     0 | D:1      | 0 ||| qw: Lair rune preference: random
     0 | D:1      | 0 ||| qw: Goals: Normal
     0 | D:1      | 0 ||| PLANNING D:1-11
   115 | D:1      | Reached skill level 3 in Ranged Weapons
   115 | D:1      | Reached XP level 2. HP: 13/23 MP: 2/2
   527 | D:1      | Reached XP level 3. HP: 29/29 MP: 3/3
   833 | D:1      | 833 ||| SWAPPING to +0 sling of draining.
   929 | D:1      | 929 ||| UPGRADING to +0 leather armour.
   939 | D:1      | 939 ||| DROPPING +0 robe.
   940 | D:1      | 940 ||| UPGRADING to +0 ring mail.
   950 | D:1      | 950 ||| DROPPING +0 leather armour.
   951 | D:1      | 951 ||| DROPPING ring of magical power.
   952 | D:1      | 952 ||| UPGRADING to +6 ring of dexterity.
   953 | D:1      | 953 ||| READING 3 scrolls labelled SIWEPO YXZIDI.
   954 | D:1      | 954 ||| READING scroll labelled UXERAYROKI.
   955 | D:1      | 955 ||| READING 2 scrolls labelled HOVIOG YTOGH.
   960 | D:1      | 960 ||| READING scroll labelled YCYIKLU LURUW.
   961 | D:1      | 961 ||| READING 2 scrolls of identify.
   961 | D:1      | 961 ||| IDENTIFYING bubbling amethyst potion
   962 | D:1      | 962 ||| DROPPING scroll of poison.
  1022 | D:2      | Reached skill level 4 in Ranged Weapons
  1093 | D:2      | Reached skill level 1 in Armour
  1132 | D:2      | Identified the +7 flail of Breach {freeze, rPois rF+ Dex+2}
  1289 | D:2      | Reached XP level 4. HP: 36/36 MP: 4/4
  1348 | D:2      | Noticed Terence
  1353 | D:2      | Killed Terence
  1354 | D:2      | Reached skill level 5 in Ranged Weapons
  1441 | D:2      | 1441 ||| DRINKING 2 yellow potions.
  1442 | D:2      | 1442 ||| DRINKING 3 orange potions.
  1443 | D:2      | 1443 ||| DRINKING 3 emerald potions.
  1444 | D:2      | 1444 ||| READING 2 scrolls of identify.
  1444 | D:2      | 1444 ||| IDENTIFYING murky yellow potion
  1445 | D:2      | 1445 ||| DROPPING potion of berserk rage.
  1468 | D:3      | 1468 ||| PLANNING SEWER
  1505 | D:3      | HP: 5/36 [orc priest/nerve-wracking pain (10)]
  1505 | D:3      | Slain by an orc

Levels and vault maps discovered:
D:1:      lemuel_arrival_muddy, layout_basic
D:2:      layout_rooms, minivault_27, grunt_ministairs_1, uniq_terence
D:3:      layout_basic, amethyst_overflow_temple_binary, serial_glass,
          glass_columns_a, glass_columns_c, glass_columns_b, glass_columns_a,
          portal_sewer_entry_d, nicolae_goblin_pals, uniq_ijyb

Skill      XL: |  1  2  3  4 |
---------------+-------------+-----
Ranged Weapons | 3 4 5 |  5.1
Fighting       | 2 |  2.1
Armour         | 1 |  1.0
Dodging        | |  2.1
Spellcasting   | |  1.0
Hexes          | |  2.0

Action                     |  1- 3 |  4- 6 || total
---------------------------+-------+-------++-------
   Fire: Sling             |   108 |    21 ||   129
    Use: Scroll            |     5 |     1 ||     6
         Potion            |       |     3 ||     3
 Armour: Robe              |     8 |       ||     8
         Ring mail         |     3 |       ||     3
  Dodge: Dodged            |    30 |     2 ||    32

Table legend:
 A = Non-vault XP
 B = Vault XP
 C = Vault XP percentage of total XP
 D = Non-vault monster count
 E = Vault monster count
 F = Vault count percentage of total count
                 A         B        C        D         E       F
            +---------+---------+-------+---------+---------+-------
      Total |     142 |      39 |  21.5 |      50 |       3 |   5.7
            +---------+---------+-------+---------+---------+-------
        D:1 |      50 |       0 |   0.0 |      27 |       0 |   0.0
        D:2 |      87 |      39 |  31.0 |      21 |       3 |  12.5
        D:3 |       5 |       0 |   0.0 |       2 |       0 |   0.0
            +---------+---------+-------+---------+---------+-------
